 Dungeon Crawl Stone Soup version 0.16-a0-3159-g1b9e691 (webtiles) character file.

65 Malachi the Ducker (level 4, 0/37 HPs)
             Began as a Ghoul Gladiator on Dec 15, 2014.
             Slain by a gnoll
             ... wielding a +0 spear
              (5 damage)
             ... on level 2 of the Dungeon.
             The game lasted 00:02:10 (1015 turns).

Malachi the Ducker (Ghoul Gladiator)                Turns: 1015, Time: 00:02:10

Health: 0/37       AC:  5    Str: 19    XL:     4   Next: 14%
Magic:  0/3        EV: 12    Int:  3    God:
Gold:   47         SH:  0    Dex:  9    Spells: 0 memorised, 3 levels left

rFire  . . .     SeeInvis .     a - +0 flail
rCold  + . .     Clarity  .     b - +0 leather armour
rNeg   + + +     SustAb   .     (no shield)
rPois  ∞         Gourm    .     c - +0 helmet
rElec  .         Spirit   +     (no cloak)
rCorr  .         Warding  .     (no gloves)
rMut   .         Stasis   .     g - +0 pair of boots
MR     .....                    e - amulet of guardian spirit
Stlth  +.........               (no ring)
                                (no ring)

@: rotting, not resistant to hostile enchantments, very unstealthy
A: rotting body, claws 1, carnivore 3, cold resistance 1, negative energy
resistance 3, poison resistance, slow healing 1, torment resistance, unbreathing
a: no special abilities


You were on level 2 of the Dungeon.
You were not hungry.

You visited 1 branch of the dungeon, and saw 2 of its levels.

You collected 47 gold pieces.

Inventory:

Hand weapons
 a - a +0 flail (weapon)
Missiles
 d - 3 throwing nets (quivered)
Armour
 b - a +0 leather armour (worn)
 c - a +0 helmet (worn)
 g - a +0 pair of boots (worn)
Jewellery
 e - an amulet of guardian spirit (around neck)
 q - a +6 ring of dexterity {unknown}
Scrolls
 h - 2 scrolls of identify {unknown}
 i - a scroll of fog {unknown}
 j - a scroll of recharging {unknown}
 l - a scroll of amnesia {unknown}
 m - a scroll of immolation {unknown}
 p - a scroll of enchant weapon {unknown}
Potions
 k - a potion of resistance {unknown}
 n - a potion of mutation {unknown}
 o - a potion of curing {unknown}
Comestibles
 f - 8 chunks of flesh


   Skills:
 + Level 2.5 Fighting
 + Level 3.3 Maces & Flails
 + Level 1.8 Throwing
 + Level 0.5 Armour
 + Level 3.6 Dodging


You had 3 spell levels left.
You didn't know any spells.

Dungeon Overview and Level Annotations

Branches:
Dungeon (2/15)

Altars:
Trog


Innate Abilities, Weirdness & Mutations

Your body is rotting away.
You thrive on raw meat.
You have sharp fingernails.
You are carnivorous and can eat meat at any time.
Your flesh is cold resistant.
You are immune to negative energy.
Your system is resistant to poisons.
You heal slowly when monsters are visible.
You are immune to unholy pain and torment.
You can survive without breathing.


Message History

You have reached level 4!
Eat one of 10 chunks of flesh? (ye/n/q/i?) This raw flesh tastes great!
The gnoll hits you.
You continue eating.
The gnoll hits you but does no damage.
The gnoll hits you from afar with a spear.
You continue eating.
The gnoll hits you.
* * * LOW HITPOINT WARNING * * *
The gnoll hits you from afar with a spear.
* * * LOW HITPOINT WARNING * * *
Eat one of 9 chunks of flesh? (ye/n/q/i?) This raw flesh tastes great!
The gnoll hits you.
* * * LOW HITPOINT WARNING * * *
The gnoll closely misses you.
You continue eating.
The gnoll hits you.
* * * LOW HITPOINT WARNING * * *
The gnoll hits you from afar with a spear.
You die...

#.#.#.# #..#
#######.#.#.## #..#
#.....#.#.#.##.#..#
#.....#.#.#.##.#..#
......'..........>#
#.....#.#.#.##.#.##
#######.#.#.##.#g#
#####+#.#..#.#g#
#.......##.#.#@#
#..........#.#.#
##......#####.#.#
#.............#.#
#........####.#.#
#######..÷...#.#.#
.................#
###.....###.######
#.....<.÷.#


You could see 2 gnolls.

Vanquished Creatures
  An adder (D:2)
  A gnoll (D:2)
  A worm (D:2)
  An ooze (D:2)
  A ball python (D:2)
  A giant cockroach (D:1)
  A goblin (D:1)
  5 hobgoblins
  4 jackals (D:2)
  5 kobolds
  A quokka (D:2)
  5 bats
  A giant gecko (D:2)
  6 giant newts
  6 rats
40 creatures vanquished.

Notes
Turn   | Place    | Note
--------------------------------------------------------------
     0 | D:1      | Malachi, the Ghoul Gladiator, began the quest for the Orb.
     0 | D:1      | Reached XP level 1. HP: 17/17 MP: 1/1
   235 | D:1      | Reached XP level 2. HP: 24/24 MP: 2/2
   323 | D:1      | Reached skill level 3 in Maces & Flails
   690 | D:2      | Found a bloodstained altar of Trog.
   698 | D:2      | Reached XP level 3. HP: 27/30 MP: 3/3
  1010 | D:2      | Reached XP level 4. HP: 23/37 MP: 1/3
  1015 | D:2      | Slain by a gnoll

Action                   |  1- 3 |  4- 6 || total
-------------------------+-------+-------++-------
Melee: Flail             |   123 |       ||   123
  Eat: Chunk             |    14 |     2 ||    16
